Map: Romanticide LE

Players

cGChrome

  • Race: Zerg Zerg
  • League: Master

ViBE - Winner!

  • Race: Zerg Zerg
  • League: Master

VOD

Have the link to the VOD?

Description

Time

  • Played on: May 5, 2021, 8:23 p.m.
  • Length: 4:29
Show
View Real Time Build Order
Export as new Build Order

cGChrome Zerg 

Build Orders: 1 Base Baneling Bust, Pool Only 

Get SALT Encoding   

  12  0:02  Drone  
  13  0:16  Extractor  
  12  0:25  Spawning Pool  
  12  0:27  Drone  
  12  0:33  Drone  
  13  0:38  Drone  
  14  0:47  Overlord  
  14  1:12  Zergling x6  
  17  1:19  Metabolic Boost  
  17  1:23  Zergling x2  
  18  1:34  Zergling x2  
  19  1:40  Baneling Nest  
  19  1:44  Zergling x2  
  19  1:48  Queen  
  21  1:57  Zergling x2  
  22  2:06  Overlord  
  19  2:42  Zergling x6  
  19  2:55  Baneling x3  
  19  2:58  Zergling x2  
  20  3:07  Overlord  
  19  3:20  Drone x3  
  20  3:29  Zergling x2  
  20  3:32  Baneling x3  
  21  3:42  Zergling x4  
  21  3:43  Zergling x4  
  23  4:03  Zergling x4  
  23  4:08  Zergling x2  
Show
View Real Time Build Order
Export as new Build Order

ViBE Zerg - Winner!

Build Orders: Hatch First 

Get SALT Encoding   

  12  0:00  Drone  
  13  0:15  Overlord  
  13  0:16  Drone  
  14  0:33  Drone x2  
  16  0:50  Drone  
  16  0:51  Hatchery  
  16  0:55  Drone  
  17  1:00  Drone  
  18  1:10  Extractor  
  17  1:15  Spawning Pool  
  16  1:21  Drone x2  
  18  1:34  Drone  
  19  2:02  Queen x2  
  19  2:03  Zergling x2  
  19  2:04  Zergling x6  
  27  2:12  Baneling Nest  
  27  2:14  Spine Crawler  
  27  2:15  Zergling x2  
  26  2:25  Zergling x4  
  28  2:35  Overlord  
  23  2:45  Queen x2  
  27  3:00  Baneling x2  
  27  3:09  Baneling x2  
  26  3:20  Zergling x4  
  26  3:21  Drone x4  
  31  3:33  Drone x2  
  33  3:40  Baneling  
  33  3:42  Drone  
  33  3:45  Overlord  
  34  3:57  Overlord x2  
  35  4:06  Baneling  
  35  4:12  Roach Warren  
  35  4:15  Drone x6  
Tags
 
Add a new tag
Caveats
  • Supply blocks, unpowered buildings, or Contaminate may cause inaccurate times.
  • Supply counts are checked every 10 seconds.